 Dungeon Crawl Stone Soup version 0.22-a0-848-ge9e22a0 (webtiles) character file.

3352 Kuinu the Fighter (level 9, -8/85 HPs)
             Began as a Minotaur Fighter on July 26, 2018.
             Was an Initiate of Trog.
             Mangled by an orc warrior
             ... wielding the +10 long sword of a bailey {speed, +Blink rN+++ MP+9 Dex-2}
              (16 damage)
             ... on level 7 of the Dungeon.
             The game lasted 00:16:58 (7165 turns).

Kuinu the Fighter (Minotaur Fighter)                Turns: 7165, Time: 00:16:58

Health: -8/85      AC: 16    Str: 25    XL:     9   Next: 72%
Magic:  8/8        EV:  5    Int:  5    God:    Trog [......]
Gold:   55         SH: 17    Dex: 11    Spells: 8/8 levels left

rFire    . . .     SeeInvis .   a - +0 long sword
rCold    + + +     Gourm    .   E - +0 large shield "Nehawoz" {rElec rC+++ Str+2 Slay-5}
rNeg     . . .     Faith    .   I - +0 chain mail
rPois    .         Spirit   .   m - +1 hat
rElec    +         Reflect  .   l - +0 cloak {MR+}
rCorr    .         Harm     .   (no gloves)
MR       +....                  x - +2 pair of boots
Stlth    ..........             (no amulet)
HPRegen  0.24/turn              (no ring)
MPRegen  0.11/turn              (no ring)

@: no status effects
A: retaliatory headbutt, horns 2
a: Renounce Religion


You were on level 7 of the Dungeon.
You worshipped Trog.
Trog was noncommittal.
You were full.

You visited 2 branches of the dungeon, and saw 8 of its levels.

You collected 283 gold pieces.
You spent 228 gold pieces at shops.

Inventory:

Hand Weapons
 a - a +0 long sword (weapon)
 C - a +0 falchion
Armour
 b - a +0 scale mail
 c - a +0 shield
 h - a +0 shield
 l - a +0 cloak of magic resistance (worn)
 m - a +1 hat (worn)
 x - a +2 pair of boots (worn)
 E - the +0 large shield "Nehawoz" (worn) {rElec rC+++ Str+2 Slay-5}
   (You bought it in a shop on level 4 of the Dungeon)

   It affects your strength (+2).
   It affects your accuracy and damage with ranged weapons and melee attacks
   (-5).
   It renders you almost immune to cold.
   It insulates you from electricity.
 H - a +0 cloak
 I - a +0 chain mail (worn)
Jewellery
 u - an uncursed amulet of rage {unknown}
 z - an uncursed ring of protection from cold {unknown}
 D - an uncursed amulet of regeneration {unknown}
Wands
 s - a wand of polymorph (11)
 v - a wand of acid (4)
 L - a wand of digging (12)
Scrolls
 e - a scroll of remove curse
 i - a scroll of immolation
 j - 7 scrolls of identify {unknown}
 t - a scroll of teleportation
 y - 2 scrolls of blinking {unknown}
 A - 2 scrolls of magic mapping {unknown}
 F - a scroll of amnesia {unknown}
 J - 2 scrolls of random uselessness {unknown}
 K - a scroll of noise {unknown}
 M - a scroll of enchant armour {unknown}
Potions
 g - a potion of brilliance
 k - a potion of heal wounds
 n - 2 potions of agility {unknown}
 o - a potion of mutation {unknown}
 q - 2 potions of lignification {unknown}
 r - a potion of degeneration {unknown}
 w - a potion of berserk rage {unknown}
 B - a potion of flight {unknown}
 G - a potion of ambrosia {unknown}
Comestibles
 d - a chunk of flesh
 f - 14 rations


   Skills:
 * Level 10.2 Fighting
 * Level 9.9 Long Blades
 + Level 7.6 Armour
 + Level 7.5 Shields


You had 8 spell levels left.
You didn't know any spells.
Your spell library contained the following spells:

 Spells                   Type           Power        Failure   Level  Hunger
 Magic Dart               Conj           #...         100%        1    ##.....
 Conjure Flame            Conj/Fire      #.......     100%        3    ####...
 Slow                     Hex            #.......     100%        2    ###....
 Mephitic Cloud           Conj/Pois/Air  #.......     100%        3    ####...
 Blink                    Tloc           N/A          100%        2    ###....
 Iskenderun's Mystic Bla  Conj           #.......     100%        4    #####..
 Call Imp                 Summ           #.......     100%        2    ###....
 Fulminant Prism          Conj/Hex       #.........   100%        4    #####..
 Dazzling Spray           Conj/Hex       #.....       100%        3    ####...
 Force Lance              Conj/Tloc      #.......     100%        4    #####..
 Searing Ray              Conj           #.....       100%        2    ###....


Dungeon Overview and Level Annotations

Branches:
Dungeon (7/15)             Temple (1/1) D:7

Altars:
Ashenzari
Cheibriados
Elyvilon
Fedhas
Hepliaklqana
Kikubaaqudgha
Makhleb
Nemelex Xobeh
Qazlal
Ru
Trog
Uskayaw
Vehumet
Wu Jian
Xom
Yredelemnul
Zin
The Shining One
Beogh

Shops:
D:4 *   D:5 !%   D:7 %

Annotations:
D:7 riteheju's ghost, novice DsAs


Innate Abilities, Weirdness & Mutations

You reflexively headbutt those who attack you in melee.
You have a pair of horns on your head.


Message History

You slash the orc warrior!
The orc warrior is severely wounded.
You block the orc warrior's attack.
You barely miss the orc warrior. Your headbutt misses the orc warrior.
The orc warrior is severely wounded.
You block the orc warrior's attack.
You closely miss the orc warrior.
The orc warrior is severely wounded.
You block the orc warrior's attack.
You hit the orc warrior but do no damage.
The orc warrior is severely wounded.
You block the orc warrior's attack.
You hit the orc warrior.
The orc warrior is severely wounded.
The orc warrior hits you with a warped long sword {speed}!
* * * LOW HITPOINT WARNING * * *
You hit the orc warrior but do no damage.
The orc warrior is severely wounded.
The orc warrior hits you with a warped long sword {speed}!
You die...

..........[#.#.......#........#
...........#.'.......#....#+###
...........##'.......#.......#
......#.........####.#.......#
..#####..............#.......#
..#§Wo#..............#.......#
###ooo#......................# #
#ooo)......................#
###o.§.........)@##..........#
..........#....†o##..........#
......#..........##.......####
......#....................#
......#....................#
.......>...................#
....#......................#####
.<..#...(......................#
....#..........................#


You could see an orc warrior.

Vanquished Creatures
  Grinder (D:4)
  A hippogriff (D:7)
  Eustachio (D:5)
  A warg (D:7)
  Edmund (D:4)
  4 ice beasts
  3 sky beasts
  6 centaurs
  4 ogres
  A gnoll sergeant (D:7)
  2 scorpions
  A howler monkey (D:4)
  4 crimson imps
  2 hounds
  3 orc priests
  A centaur skeleton (D:6)
  An iguana (D:7)
  2 jellies (D:5)
  3 orc wizards
  A bullfrog skeleton (D:4)
  4 worker ants
  A worker ant zombie (D:5)
  A howler monkey skeleton (D:4)
  6 gnolls
  13 adders
  3 adder skeletons
  A worm (D:2)
  4 dart slugs
  7 leopard geckos
  26 orcs
  3 ball pythons
  13 bats
  3 giant cockroaches
  7 goblins
  6 hobgoblins
  7 jackals
  3 quokkas
  3 frilled lizards
  2 gnoll zombies (D:4)
  5 kobolds
  7 rats
168 creatures vanquished.

Notes
Turn   | Place    | Note
-------+----------+-------------------------------------------
     0 | D:1      | Kuinu the Minotaur Fighter began the quest for the Orb.
     0 | D:1      | Reached XP level 1. HP: 19/19 MP: 0/0
   107 | D:1      | Reached XP level 2. HP: 27/27 MP: 1/1
   352 | D:1      | Reached skill level 4 in Fighting
   528 | D:1      | Reached XP level 3. HP: 31/33 MP: 2/2
  1608 | D:2      | Reached XP level 4. HP: 41/41 MP: 3/3
  1633 | D:2      | Found a burning altar of Makhleb.
  1802 | D:3      | Found a sparkling altar of Nemelex Xobeh.
  2100 | D:3      | Reached XP level 5. HP: 47/47 MP: 4/4
  2179 | D:3      | Reached skill level 5 in Fighting
  2297 | D:3      | Found a faded altar of an unknown god.
  2683 | D:4      | Noticed an ogre
  2683 | D:4      | Noticed Grinder
  2699 | D:4      | Killed an ogre
  2699 | D:4      | Reached XP level 6. HP: 45/56 MP: 5/5
  2703 | D:4      | Paralysed by Grinder for 2 turns
  2707 | D:4      | Killed Grinder
  2707 | D:4      | Reached skill level 6 in Fighting
  2707 | D:4      | Reached skill level 5 in Long Blades
  2707 | D:4      | Reached skill level 5 in Armour
  2775 | D:4      | Reached skill level 5 in Shields
  2775 | D:4      | Reached XP level 7. HP: 17/63 MP: 6/6
  3111 | D:4      | Noticed Edmund
  3145 | D:4      | Killed Edmund
  3325 | D:4      | Reached skill level 7 in Fighting
  3550 | D:4      | Found Qongi's Assorted Antiques.
  3812 | D:4      | Found a basalt altar of Yredelemnul.
  3887 | D:5      | Entered Level 5 of the Dungeon
  3897 | D:5      | Reached XP level 8. HP: 73/73 MP: 7/7
  3939 | D:5      | Found a glowing golden altar of the Shining One.
  3944 | D:5      | Found a stormy altar of Qazlal.
  4421 | D:5      | Reached skill level 8 in Fighting
  4434 | D:5      | Found a shattered altar of Ashenzari.
  4480 | D:5      | Noticed Eustachio
  4491 | D:5      | Killed Eustachio
  4510 | D:5      | Found Tushrefec's Distillery.
  4656 | D:5      | Found Damostr Mafa's Food Shoppe.
  4683 | D:5      | Found a shimmering altar of Xom.
  4894 | D:5      | Found a stormy altar of Qazlal.
  5000 | D:6      | Found a glowing golden altar of the Shining One.
  5070 | D:6      | Reached skill level 9 in Fighting
  5070 | D:6      | Reached XP level 9. HP: 65/83 MP: 8/8
  5322 | D:6      | Found an ornate altar of the Wu Jian Council.
  5950 | D:4      | Bought an ancient large shield for 228 gold pieces
  5960 | D:4      | Identified the cursed +0 large shield "Nehawoz" {rElec rC+++ Str+2 Slay-5} (You bought it in a shop on level 4 of the Dungeon)
  6077 | D:7      | Reached skill level 10 in Fighting
  6133 | D:7      | Found a hide-covered altar of Uskayaw.
  6178 | D:7      | Noticed riteheju's ghost (novice DsAs)
  6201 | D:7      | Found Liruesm's Food Shoppe.
  6261 | D:7      | Found a runed gate.
  6262 | D:7      | Found a runed gate.
  6263 | D:7      | Found a runed gate.
  6520 | D:7      | Found a staircase to the Ecumenical Temple.
  6554 | D:7      | Found a roughly hewn altar of Beogh.
  6587 | Temple   | Entered the Ecumenical Temple
  6714 | Temple   | Became a worshipper of Trog the Wrathful
  7165 | D:7      | Identified the +10 long sword of a bailey {speed, +Blink rN+++ MP+9 Dex-2}
  7165 | D:7      | Mangled by an orc warrior

Vault maps used:
D:1:      minmay_arrival_shattered_statue, hangedman_decor_peaks_small
D:2:      makhleb_grotto_becter, first_ration
D:3:      nemelex_xobeh_ov_fountains_minmay, chequers_ecumenical_altar_simple
D:4:      lemuel_zombie_altar_yredelemnul, serial_shops, shop, kennysheep_nub,
          uniq_edmund, uniq_grinder
D:5:      kennysheep_mini, nicolae_qazlal_eye_of_the_storm,
          evilmike_ruin_ashenzari, tso_metal_star, basic_altar, serial_shops,
          nicolae_shop_crystal, shop, st_stairs_10, uniq_eustachio
D:6:      overflow_temple_1_default, basic_altar, lemuel_another_geyser
D:7:      lemuel_doored_altar, temple_hall, biasface_ghost_orc_armoury,
          serial_shops, shop
Temple:   nicolae_temple_figure_zero

Skill      XL: |  1  2  3  4  5  6  7  8  9 |
---------------+----------------------------+-----
Fighting       | 4 5 6 7 9 10 | 10.2
Long Blades    | 3 4 5 6 8 9 |  9.9
Armour         | 4 5 6 7 |  7.6
Shields        | 4 5 6 7 |  7.5

Action                   |  1- 3 |  4- 6 |  7- 9 || total
-------------------------+-------+-------+-------++-------
Melee: Long sword        |   113 |    87 |   411 ||   611
       Headbutt          |    12 |    11 |    67 ||    90
  Use: Potion            |       |       |     7 ||     7
       Scroll            |       |       |     4 ||     4
  Eat: Chunk             |     2 |     3 |     7 ||    12
       Ration            |       |     2 |     2 ||     4
Armor: Scale mail        |    44 |    38 |    72 ||   154
       Chain mail        |       |       |   150 ||   150
Dodge: Dodged            |    35 |    27 |    98 ||   160
Block: Shield            |    69 |    41 |   153 ||   263
       Large shield      |       |       |   141 ||   141
       Rpst.: Long sword |     9 |     8 |    24 ||    41

Table legend:
 A = Spawn XP
 B = Non-spawn XP
 C = Spawn XP percentage of total XP
 D = Spawn monster count
 E = Non-spawn monster count
 F = Spawn count percentage of total count
 G = Total turns spent on level
                    A         B        C        D         E        F      G
               +---------+---------+-------+---------+---------+-------+---------
         Total |       0 |    4789 |   0.0 |       0 |     168 |   0.0 |  7165
               +---------+---------+-------+---------+---------+-------+---------
           D:1 |       0 |      48 |   0.0 |       0 |      23 |   0.0 |   781
           D:2 |       0 |      99 |   0.0 |       0 |      21 |   0.0 |  1013
           D:3 |       0 |      80 |   0.0 |       0 |      20 |   0.0 |   825
           D:4 |       0 |    1231 |   0.0 |       0 |      33 |   0.0 |  1388
           D:5 |       0 |    1079 |   0.0 |       0 |      21 |   0.0 |  1207
           D:6 |       0 |    1112 |   0.0 |       0 |      24 |   0.0 |   709
           D:7 |       0 |    1140 |   0.0 |       0 |      26 |   0.0 |  1100
               +---------+---------+-------+---------+---------+-------+---------
